 Dungeon Sprint DCSS version 0.21-a0-460-g737a915 (webtiles) character file.

4445 Kidiri the Fighter (level 10, -16/141 HPs)
             Began as a Red Draconian Transmuter on Nov 20, 2017.
             Was a High Priest of Wu Jian.
             Demolished by Buqap the pandemonium lord (36 damage)
             ... in the Dungeon (Sprint V: "Ziggurat Sprint").
             The game lasted 00:06:07 (1102 turns).

Kidiri the Fighter (Red Draconian Transmuter)       Turns: 1102, Time: 00:06:07

Health: -16/141    AC:  7    Str: 25    XL:     10   Next: 15%
Magic:  17/23      EV: 20    Int: 13    God:    Wu Jian [*****.]
Gold:   0          SH:  0    Dex: 20    Spells: 4/27 levels left

rFire    + . .     SeeInvis .     - Unarmed
rCold    . . .     Gourm    .   (shield currently unavailable)
rNeg     . . .     Faith    .   (armour unavailable)
rPois    .         Spirit   .   (helmet restricted)
rElec    .         Reflect  .   (no cloak)
rCorr    .         Harm     .   (gloves currently unavailable)
MR       .....     NoTele   +   (no boots)
Stlth    ..........             (no amulet)
HPRegen  0.33/turn              x - +6 ring of dexterity
MPRegen  0.18/turn              B - +6 ring of strength

@: berserking (expiring), exhausted, blade hands, glowing, heavenly storm, very
quick
A: breathe fire, unfitting armour, fire resistance 1, cold-blooded, AC +7
a: Breathe Fire, End Transformation, Serpent's Lash, Heavenly Storm, Renounce
Religion


You were in the Dungeon.
You worshipped Wu Jian.
Wu Jian was extremely pleased with you.
You were very full.
You had blades for hands.
You visited 1 branch

Inventory:

Missiles
 a - 1057 arrows
Jewellery
 x - a +6 ring of dexterity (left scythe-like blade)
 y - a +6 ring of dexterity
 z - a +6 ring of intelligence
 A - a +6 ring of intelligence
 B - a +6 ring of strength (right scythe-like blade)
 C - a +6 ring of strength
 I - the ring "Boamnu" {rC+ MR+++ Str+2 Int-2 Dex-2}
   (You found it in the Dungeon)

   [ring of strength]

   It affects your strength (+2).
   It affects your intelligence (-2).
   It affects your dexterity (-2).
   It protects you from cold.
   It affects your resistance to hostile enchantments.
Wands
 D - a wand of disintegration (7)
 E - a wand of iceblast (5)
 F - a wand of lightning (5)
 G - a wand of acid (5)
Scrolls
 i - 4 scrolls of blinking
 p - 4 scrolls of amnesia
 q - 7 scrolls of fog
 r - a scroll of holy word
 s - 5 scrolls of identify
 t - 5 scrolls of remove curse
 u - 2 scrolls of fear
Potions
 d - 10 potions of curing
 e - 12 potions of heal wounds
 f - 6 potions of haste
 g - 7 potions of magic
 j - 2 potions of brilliance
 k - 2 potions of invisibility
 l - 4 potions of resistance
 n - 5 potions of agility
 o - 5 potions of might
Books
 b - a book of Changes

   Spells                             Type                      Level
   a - Beastly Appendage              Transmutation                1
   b - Sticks to Snakes               Transmutation                2
   c - Spider Form                    Transmutation/Poison         3
   d - Ice Form                       Ice/Transmutation            4
   e - Blade Hands                    Transmutation                5
 m - a book of Maledictions

   Spells                             Type                      Level
   a - Corona                         Hexes                        1
   b - Ensorcelled Hibernation        Hexes/Ice                    2
   c - Confuse                        Hexes                        3
   d - Tukima's Dance                 Hexes                        3
   e - Dazzling Spray                 Conjuration/Hexes            3
Comestibles
 c - 5 bread rations
 v - 31 fruits
 w - 4 meat rations
 H - 8 chunks of flesh


   Skills:
 * Level 10.8 Fighting
 * Level 9.4 Dodging
 + Level 7.0 Stealth
 * Level 10.5 Unarmed Combat
 * Level 9.4 Spellcasting
 + Level 3.5 Conjurations
 + Level 3.1 Hexes
 + Level 7.3 Transmutations
 + Level 4.7 Ice Magic
 + Level 5.8 Poison Magic


You had 4 spell levels left.
You knew the following spells:

 Your Spells              Type           Power        Failure   Level  Hunger
a - Beastly Appendage     Tmut           ####..       12%         1    None
b - Sticks to Snakes      Tmut           ####....     14%         2    None
c - Spider Form           Tmut/Pois      ###.......   22%         3    ##.....
d - Ice Form              Ice/Tmut       ###.....     45%         4    ####...
e - Blade Hands           Tmut           ####......   56%         5    #####..
f - Ensorcelled Hibernat  Hex/Ice        ###...       28%         2    None
g - Confuse               Hex            ##......     45%         3    ##.....
h - Dazzling Spray        Conj/Hex       ##....       43%         3    ##.....


Dungeon Overview and Level Annotations

Branches:
Dungeon (1/1)

Altars:
Ashenzari
Cheibriados
Dithmenos
Elyvilon
Fedhas
Gozag
Hepliaklqana
Kikubaaqudgha
Makhleb
Nemelex Xobeh
Okawaru
Qazlal
Ru
Sif Muna
Trog
Uskayaw
Vehumet
Wu Jian
Xom
Yredelemnul
Zin
The Shining One
Beogh
Jiyva
Lugonu

Annotations:
D 1 transporter


Innate Abilities, Weirdness & Mutations

You can breathe blasts of fire.
Your fiery red scales are hard. (AC +7)
You cannot fit into any form of body armour.
Your flesh is heat resistant. (rF+)
You are cold-blooded and may be slowed by cold attacks.


Message History

The quasit closely misses you. The quasit barely misses you.
The quasit misses you.
You spin and attack Buqap.
You slice Buqap!!
Buqap is heavily wounded.
Buqap misses you.
Unknown command.
You spin and attack the hellwing.
You shred the hellwing!!!
You kill the hellwing!
The Council accepts your kill.
You have reached level 10!
You spin and attack the sun demon repeatedly.
You shred the sun demon!!!
The sun demon is severely wounded.
You shred the sun demon!!!
You kill the sun demon!
The Council accepts your kill.
Your Stealth skill increases to level 7!
Your Hexes skill increases to level 3!
Buqap hits you!!!
You die...

▓...©....▓...©....▓
▓▓▓▓▓▓▓▓▓▓▓▓▓▓▓▓▓▓▓
▓...8©8...▓..8©8..▓
▓..|=)"...▓..):}..▓
▓...)[[...▓...[[..▓
▓§§§5§....▓..)....▓
▓§§§§§§...▓..)....▓
▓§55&§§§..▓.......▓
▓§§@§§§§..▓.......▓
▓§▓§§§§§▓.▓.▓...▓.▓
▓.§§§§§§..▓...©...▓
▓▓▓▓▓▓▓▓▓▓▓▓▓▓▓▓▓▓▓
▓..8©8..▓ ▓..)))..▓
▓..))|..▓ ▓..÷))..▓
▓..)....▓


You could see Buqap, a quasit and an ufetubus.

Vanquished Creatures
  2 sun demons (D)
  4 draconians (D)
  2 merfolk (D)
  A hellwing (D)
  A red devil (D)
  A hippogriff (D)
  2 insubstantial wisps (D)
  3 centaurs (D)
  A small abomination (D)
  A crimson imp (D)
  A quasit (D)
  2 orc priests (D)
  An iron imp (D)
  2 orc wizards (D)
  2 mummies (D)
  A shadow imp (D)
  3 ufetubi (D)
  An orc (D)
  A giant cockroach zombie (D)
  A leopard gecko zombie (D)
33 creatures vanquished.

Vanquished Creatures (others)
  A spatial maelstrom (D)
1 creature vanquished.

Grand Total: 34 creatures vanquished

Notes
Turn   | Place    | Note
-------+----------+-------------------------------------------
     0 | D        | Found the +6 Majin-Bo {vamp, Archmagi MP+6 Int+6}
     0 | D        | Found the +7 great mace "Firestarter" {inner flame, rF++}
     0 | D        | Kidiri the Draconian Transmuter began the quest for the Orb.
     0 | D        | Reached XP level 1. HP: 16/16 MP: 3/3
     0 | D        | Found a deep blue altar of Sif Muna.
     0 | D        | Found a sacrificial altar of Ru.
     0 | D        | Found a bloodstained altar of Trog.
     0 | D        | Found a stormy altar of Qazlal.
     0 | D        | Found an iron altar of Okawaru.
     0 | D        | Found a sparkling altar of Nemelex Xobeh.
     0 | D        | Found a blossoming altar of Fedhas.
     2 | D        | Found a transporter.
     2 | D        | Found an ancient bone altar of Kikubaaqudgha.
     2 | D        | Found a viscous altar of Jiyva.
     2 | D        | Found a corrupted altar of Lugonu.
     2 | D        | Found a hazy altar of Hepliaklqana.
     2 | D        | Found a burning altar of Makhleb.
     2 | D        | Found an opulent altar of Gozag.
    19 | D        | Found the +9 heavy crossbow "Sniper" {velocity, Acc+∞ SInv}
    19 | D        | Found the +10 dark maul {crush}
    19 | D        | Found the +15 Maxwell's patent armour {-Cast -Tele rElec MR+ rCorr}
    19 | D        | Found the +18 shield of the Gong {rElec rN+ MR+ EV-5}
    19 | D        | Found the cursed +14 obsidian axe {chop, +Fly SInv *Curse}
    20 | D        | Found the +6 shillelagh "Devastator" {shatter}
    20 | D        | Found the +11 plutonium sword {*Contam Stlth-}
    20 | D        | Found the +8 lance "Wyrmbane" {slay drac, rPois rF+ rC+ AC+3}
    20 | D        | Found the +9 sword of Zonguldrok {reap}
    20 | D        | Found the cursed +13 scythe of Curses {drain, *Curse}
    20 | D        | Found the +0 sword of Power
    20 | D        | Found the +13 mace of Variability {chaos}
    20 | D        | Found the +7 Singing Sword
    20 | D        | Found the +7 longbow "Piercer" {penet, EV-2}
    36 | D        | Banished a spatial maelstrom
    50 | D        | Became a worshipper of the Wu Jian Council
    66 | D        | Reached XP level 2. HP: 26/26 MP: 3/6
    99 | D        | Learned a level 2 spell: Sticks to Snakes
   100 | D        | Entered arena 2.
   100 | D        | Noticed an insubstantial wisp
   100 | D        | Noticed an insubstantial wisp
   100 | D        | Found a transporter.
   114 | D        | Killed an insubstantial wisp
   114 | D        | Reached skill level 5 in Fighting
   114 | D        | Reached skill level 5 in Unarmed Combat
   114 | D        | Reached XP level 3. HP: 23/36 MP: 2/9
   114 | D        | Reached XP level 4. HP: 27/42 MP: 2/10
   122 | D        | Killed an insubstantial wisp
   122 | D        | Reached skill level 5 in Dodging
   122 | D        | Reached skill level 5 in Spellcasting
   122 | D        | Reached XP level 5. HP: 45/50 MP: 1/13
   247 | D        | Learned a level 3 spell: Spider Form
   252 | D        | Learned a level 4 spell: Ice Form
   258 | D        | Learned a level 5 spell: Blade Hands
   263 | D        | Entered arena 3.
   263 | D        | Found a transporter.
   272 | D        | Reached * piety under Wu Jian
   275 | D        | Reached XP level 6. HP: 21/58 MP: 11/14
   281 | D        | Reached skill level 1 in Ice Magic
   281 | D        | Reached skill level 1 in Poison Magic
   702 | D        | Entered arena 4.
   702 | D        | Noticed a draconian
   702 | D        | Noticed a draconian
   702 | D        | Noticed a draconian
   702 | D        | Noticed a draconian
   702 | D        | Found a transporter.
   709 | D        | Killed a draconian
   709 | D        | Reached ** piety under Wu Jian
   709 | D        | Reached skill level 5 in Transmutations
   709 | D        | Your scales start taking on a fiery red colour.
   709 | D        | Reached XP level 7. HP: 67/67 MP: 10/17
   709 | D        | Gained mutation: Your flesh is heat resistant. (rF+) [Red Draconian growth]
   714 | D        | Killed a draconian
   714 | D        | Reached skill level 5 in Stealth
   714 | D        | Reached XP level 8. HP: 67/75 MP: 11/18
   714 | D        | Killed a draconian
   717 | D        | Killed a draconian
   840 | D        | Learned a level 2 spell: Ensorcelled Hibernation
   844 | D        | Learned a level 3 spell: Confuse
   848 | D        | Learned a level 3 spell: Dazzling Spray
   849 | D        | Entered arena 5.
   849 | D        | Found a transporter.
   852 | D        | Reached *** piety under Wu Jian
   860 | D        | Entered arena 6.
   860 | D        | Found a transporter.
   864 | D        | Reached **** piety under Wu Jian
   869 | D        | Reached ***** piety under Wu Jian
   876 | D        | Got the ring "Boamnu" {rC+ MR+++ Str+2 Int-2 Dex-2}
   909 | D        | Entered arena 7.
   909 | D        | Noticed a red devil
   911 | D        | Found a transporter.
   916 | D        | Reached XP level 9. HP: 69/84 MP: 13/21
   916 | D        | Killed a red devil
   916 | D        | Reached skill level 1 in Conjurations
   916 | D        | Reached skill level 1 in Hexes
   987 | D        | Entered arena 8.
   987 | D        | Noticed a merfolk
   987 | D        | Noticed a merfolk
   988 | D        | Found a transporter.
   995 | D        | Killed a merfolk
   995 | D        | Reached skill level 5 in Poison Magic
   996 | D        | Reached skill level 10 in Fighting
   996 | D        | Killed a merfolk
   997 | D        | Reached skill level 10 in Unarmed Combat
  1092 | D        | Entered arena 9.
  1092 | D        | Noticed Buqap the pandemonium lord
  1092 | D        | Noticed a sun demon
  1092 | D        | Noticed a sun demon
  1092 | D        | Noticed a hellwing
  1093 | D        | Found the +6 lightning scales {run, rElec}
  1094 | D        | Found a transporter.
  1099 | D        | Killed a sun demon
  1101 | D        | Killed a hellwing
  1101 | D        | Reached XP level 10. HP: 20/94 MP: 17/23
  1102 | D        | Killed a sun demon
  1102 | D        | Demolished by Buqap the pandemonium lord

Vault maps used:
D:        sprint_v

Skill      XL: |  1  2  3  4  5  6  7  8  9 10 |
---------------+-------------------------------+-----
Fighting       | 3 5 6 7 8 9 10 | 10.8
Dodging        | 3 4 5 6 7 8 9 |  9.4
Stealth        | 2 3 4 5 6 7 |  7.0
Unarmed Combat | 4 5 6 8 9 10 | 10.5
Spellcasting   | 3 4 5 6 7 8 9 |  9.4
Transmutations | 3 4 5 6 7 |  7.3
Ice Magic      | 2 3 4 |  4.7
Poison Magic   | 2 3 4 5 |  5.8
Conjurations   | 3 |  3.5
Hexes          | 2 3 |  3.1

Action                   |  1- 3 |  4- 6 |  7- 9 | 10-12 || total
-------------------------+-------+-------+-------+-------++-------
Melee: Unarmed           |     9 |    23 |    68 |     2 ||   102
       Headbutt          |     2 |       |       |       ||     2
       Tailslap          |     1 |     6 |    10 |       ||    17
       Punch             |     1 |       |     3 |       ||     4
 Cast: Sticks to Snakes  |     2 |     1 |       |       ||     3
       Beastly Appendage |     1 |       |       |       ||     1
       Spider Form       |       |     1 |       |       ||     1
       Blade Hands       |       |     2 |     5 |       ||     7
Invok: Heavenly Storm    |       |       |     2 |       ||     2
       Serpent's Lash    |       |       |     1 |       ||     1
  Use: Potion            |     2 |     3 |     1 |       ||     6
 Stab: Sleeping          |       |       |     1 |       ||     1
  Eat: Chunk             |       |       |     2 |       ||     2
       Fruit             |       |       |    11 |       ||    11
Armor: Skin              |       |     3 |     8 |       ||    11
Dodge: Dodged            |     7 |    40 |    38 |       ||    85

Table legend:
 A = Spawn XP
 B = Non-spawn XP
 C = Spawn XP percentage of total XP
 D = Spawn monster count
 E = Non-spawn monster count
 F = Spawn count percentage of total count
 G = Total turns spent on level
                    A         B        C        D         E        F      G
               +---------+---------+-------+---------+---------+-------+---------
         Total |       0 |    6338 |   0.0 |       0 |      33 |   0.0 |  1102
               +---------+---------+-------+---------+---------+-------+---------
             D |       0 |    6338 |   0.0 |       0 |      33 |   0.0 |  1102
               +---------+---------+-------+---------+---------+-------+---------
